 Seeded DCSS version 0.29.1-12-g30fa7ad0bf (webtiles) character file.

Game seed: 8067774122993711936 (custom seed)

156 kingsuperguy the Cudgeller (level 5, -10/47 HPs)
             Began as a Minotaur Berserker on Dec 17, 2022.
             Was a Believer of Trog.
             Killed by divine providence
             ... invoked by an orc priest
              (15 damage)
             ... on level 3 of the Dungeon.
             The game lasted 00:01:49 (2346 turns).

kingsuperguy the Cudgeller (Minotaur Berserker)     Turns: 2346, Time: 00:01:50

Health: -10/47     AC:  5    Str: 22    XL:     5   Next: 15%
Magic:  4/4        EV: 11    Int:  6    God:    Trog [**....]
Gold:   133        SH:  0    Dex:  9    Spells: 4/4 levels left

rFire   . . .      SeeInvis .   n - +0 flail (drain)
rCold   . . .      Faith    .   (no shield)
rNeg    . . .      Spirit   .   f - +0 ring mail
rPois   .          Reflect  .   (helmet restricted)
rElec   .          Harm     .   (no cloak)
rCorr   .          Rampage  .   (no gloves)
Will    .....                   (no boots)
Stlth   ..........              (no amulet)
HPRegen 0.15/turn               (no ring)
MPRegen 0.09/turn               (no ring)

@: no status effects
A: horns 2, retaliatory headbutt
a: Renounce Religion, Berserk, Trog's Hand


You were on level 3 of the Dungeon.
You worshipped Trog.
Trog was pleased with you.
You visited 1 branch of the dungeon, and saw 3 of its levels.

You collected 133 gold pieces.

Inventory:

Hand Weapons
 a - a +0 mace
 n - a +0 flail of draining (weapon)
Missiles
 e - 4 javelins (quivered)
Armour
 b - a +0 animal skin
 f - a +0 ring mail (worn)
Jewellery
 g - an amulet of magic regeneration
 j - a ring of resist corrosion
 m - a +6 ring of strength
Scrolls
 h - 2 scrolls of enchant armour {unknown}
Potions
 c - a potion of invisibility {unknown}
 d - 3 potions of mutation {unknown}
 i - 2 potions of brilliance {unknown}
 k - a potion of might {unknown}
 l - a potion of degeneration {unknown}
 o - a potion of cancellation {unknown}


   Skills:
 + Level 4.7 Fighting
 + Level 5.3 Maces & Flails
 + Level 3.7 Armour
 + Level 2.7 Dodging
 + Level 0.2 Stealth


You had 4 spell levels left.
You didn't know any spells.
Your spell library was empty.

Dungeon Overview and Level Annotations

Branches:
Dungeon (3/15)

Altars:

Shops:
D:1 [   D:2 (


Innate Abilities, Weirdness & Mutations

You have a pair of horns on your head.
You reflexively headbutt those who attack you in melee.


Message History

You kill the orc!
Trog accepts your kill. The frilled lizard barely misses you.
You hit the orc but do no damage. The orc hits you but does no damage.
The frilled lizard bites you. The orc hits you but does no damage.
The frilled lizard bites you.
You barely miss the orc. You headbutt the orc.
The orc is heavily wounded.
The orc hits you but does no damage. The frilled lizard barely misses you.
You barely miss the orc.
The orc is heavily wounded.
The orc completely misses you.
The frilled lizard bites you but does no damage.
You thump the orc!
You kill the orc!
Trog accepts your kill. The frilled lizard bites you.
You barely miss the orc. The orc closely misses you.
The orc priest calls down the wrath of Beogh upon you.
Beogh smites you! The frilled lizard barely misses you.
You hit the orc. You headbutt the orc, but do no damage.
The orc is moderately wounded.
The orc misses you. The frilled lizard barely misses you.
You furiously retaliate!
You headbutt the frilled lizard.
You kill the frilled lizard!
Trog accepts your kill.
You barely miss the orc. Your headbutt misses the orc.
The orc hits you with a +0 mace.
* * * LOW HITPOINT WARNING * * *
The orc hits you with a +0 falchion.
* * * LOW HITPOINT WARNING * * *
You hit the orc. You drain the orc.
The orc is almost dead.
The orc barely misses you.
The orc priest begins to cast a cantrip, but forgets the words!
The orc hits you with a +0 falchion.
* * * LOW HITPOINT WARNING * * *
The orc priest invokes the aid of Beogh against you.
Beogh smites you!
You die...

#....# #.##....#
##.##....## ......
#...#.....## #......
#...#......## .......
#...#....#..# ......J
#...#.#####.# .......
#...#(#####.####.r.....
#............o@#.......
##.....######.#ooJJ.....
#.....## #...o##.>...
##.##### ####..# ...
#...## ##.# . .....## .#
......##### .#
.....<....# ..
...........# ##


You could see 2 orc priests, 2 orcs and 2 endoplasms.

Vanquished Creatures
  A necrophage (D:2)
  4 gnolls (D:2)
  A dart slug (D:1)
  2 orcs (D:3)
  2 bats
  3 endoplasms
  3 giant cockroaches
  6 goblins
  4 hobgoblins
  4 jackals (D:2)
  A quokka (D:1)
  5 ball pythons
  6 frilled lizards
  5 kobolds
  3 rats
50 creatures vanquished.

Notes
Turn   | Place    | Note
-------+----------+-------------------------------------------
     0 | D:1      | kingsuperguy the Minotaur Berserker began the quest for the
                  | Orb.
     0 | D:1      | Reached XP level 1. HP: 19/19 MP: 0/0
    38 | D:1      | Found Woicy's Armour Shop.
   243 | D:1      | Reached skill level 4 in Maces & Flails
   243 | D:1      | Reached XP level 2. HP: 27/27 MP: 1/1
   937 | D:1      | Found a faded altar of an unknown god.
  1260 | D:2      | Noticed a necrophage
  1267 | D:2      | Reached XP level 3. HP: 30/33 MP: 2/2
  1278 | D:2      | Killed a necrophage
  1279 | D:2      | Reached XP level 4. HP: 18/41 MP: 3/3
  1771 | D:2      | Reached skill level 5 in Maces & Flails
  1837 | D:2      | Reached ** piety under Trog
  1898 | D:2      | Reached XP level 5. HP: 38/47 MP: 4/4
  2017 | D:2      | Found Nuobymm's Weapon Emporium.
  2346 | D:3      | Killed from afar by an orc priest

Illustrated notes

Levels and vault maps discovered:
D:1:      eino_arrival_tree_alley, layout_basic,
          hellmonk_ecumenical_altar_inner_sanctum, serial_shops,
          nicolae_shop_hallway_stairs
D:2:      layout_basic, serial_shops, nicolae_shop_bloodbath_and_beyond
D:3:      layout_rooms, serial_shops, nicolae_shop_crystal, shop_scrolls

Skill      XL: |  1  2  3  4 |
---------------+-------------+-----
Maces & Flails | 4 5 |  5.3
Fighting       | 4 |  4.7
Armour         | 3 |  3.7
Dodging        | |  2.7
Stealth        | |  0.2

Action                   |  1- 3 |  4- 6 || total
-------------------------+-------+-------++-------
Melee: Mace              |    52 |    36 ||    88
       Headbutt          |     6 |    12 ||    18
       Punch             |     1 |     2 ||     3
       Flail             |       |    19 ||    19
Invok: Berserk           |     1 |       ||     1
Armor: Animal skin       |     2 |       ||     2
       Ring mail         |    13 |    22 ||    35
Dodge: Dodged            |    22 |    40 ||    62
